 Dungeon Crawl Stone Soup version 0.32-a0-931-g5a2cda0 (webtiles) character file.

Game seed: 1982810609678918680

91626 znke the Fighter (level 15, -9/125 HPs)
             Began as a Demonspawn Ice Elementalist on Apr 12, 2024.
             Was the Champion of Cheibriados.
             Killed from afar by a shock serpent (glowing shapeshifter) (24 damage)
             ... with a bolt of electricity
             ... on level 12 of the Dungeon on Apr 13, 2024.
             The game lasted 00:45:01 (20957 turns).

znke the Fighter (Demonspawn Ice Elementalist)     Turns: 20957, Time: 00:45:01

Health: -9/125     AC: 22    Str: 21    XL:     15   Next: 55%
Magic:  15/24      EV: 31    Int: 29    God:    Cheibriados [******]
Gold:   1507       SH:  0    Dex: 41    Spells: 4/26 levels left

rFire   . . .        a - +1 long sword (protect)
rCold   . . .        (no shield)
rNeg    + . .        U - +4 ring mail
rPois   +            (helmet unavailable)
rElec   .            i - +2 ratskin cloak {*Rats rPois rN+ Str-1 Int-1 Dex+1}
rCorr   .            (no gloves)
SInv    +            (no boots)
Will    +....        D - amulet of the acrobat
Stlth   +++          P - ring of willpower
HPRegen 0.40/turn    H - +5 ring of evasion
MPRegen 0.19/turn

%: acrobat
@: weak-willed, under a protective aura, very slow
A: antennae 3, molten scales 2, spiny 3, agile 1, deterioration 1
a: Renounce Religion, Bend Time, Temporal Distortion, Slouch, Step From Time


You were on level 12 of the Dungeon.
You worshipped Cheibriados.
Cheibriados was exalted by your worship.
You visited 4 branches of the dungeon, and saw 20 of its levels.
You also visited: Ice Cave and Volcano.

You collected 1949 gold pieces.
You spent 442 gold pieces at shops.

Inventory:

Hand Weapons
 a - a +1 long sword of protection (weapon)
 b - a +4 rapier of freezing
Missiles
 I - a throwing net (quivered)
Armour
 i - the +2 ratskin cloak (worn) {*Rats rPois rN+ Str-1 Int-1 Dex+1}
   (You found it on level 2 of the Lair of Beasts)

   *Rats:     When the wearer is hurt, rats may emerge from it to assist them.
   Str-1:     It affects your strength (-1).
   Int-1:     It affects your intelligence (-1).
   Dex+1:     It affects your dexterity (+1).
   rPois:     It protects you from poison.
   rN+:       It protects you from negative energy.
 S - a +2 cloak of cold resistance
 U - a +4 ring mail (worn)
Jewellery
 e - a ring of fire
 p - a ring of resist corrosion
 D - an amulet of the acrobat (around neck)
 H - a +5 ring of evasion (right hand)
 J - a ring of protection from cold
 P - a ring of willpower (left hand)
Wands
 f - a wand of digging (3)
 o - a wand of iceblast (19)
 v - a wand of flame (13)
 y - a wand of mindburst (18)
 K - a wand of acid (1)
 O - a wand of paralysis (8)
Scrolls
 d - 15 scrolls of teleportation
 l - 3 scrolls of blinking
 m - 8 scrolls of poison
 n - 8 scrolls of vulnerability
 q - 2 scrolls of fog
 s - 5 scrolls of immolation
 x - 4 scrolls of fear
 z - 2 scrolls of silence {unknown}
 A - 5 scrolls of amnesia {unknown}
 C - a scroll of butterflies {unknown}
 T - a scroll of acquirement {unknown}
Potions
 g - a potion of ambrosia
 h - 11 potions of curing
 j - 2 potions of mutation
 r - 3 potions of berserk rage
 t - 3 potions of heal wounds
 u - 2 potions of resistance
 w - 2 potions of enlightenment
 B - 8 potions of attraction
 E - a potion of lignification
 F - 5 potions of invisibility
 G - 3 potions of magic
 M - 2 potions of cancellation
 N - 5 potions of brilliance
 Q - 3 potions of haste {unknown}
 R - a potion of might {unknown}
Miscellaneous
 c - a phial of floods (inert)


   Skills:
 + Level 13.9 Fighting
 * Level 12.9 Long Blades
 - Level 3.0 Armour
 + Level 11.2 Dodging
 - Level 2.0 Stealth
 - Level 6.0 Spellcasting
 - Level 3.0 Necromancy
 - Level 3.0 Translocations
 - Level 7.0 Ice Magic
 + Level 12.7 Invocations
 + Level 8.9 Evocations


You had 4 spell levels left.
You knew the following spells:

 Your Spells              Type           Power      Damage    Failure   Level
a - Frozen Ramparts       Ice            98%        1d15      1%          3
b - Ozocubu's Armour      Ice            49%        N/A       1%          3
c - Fugue of the Fallen   Necr           26%        N/A       8%          3
d - Summon Ice Beast      Ice/Summ       29%        N/A       6%          3
e - Sublimation of Blood  Necr           26%        N/A       4%          2
f - Lesser Beckoning      Tloc           52%        N/A       4%          2
g - Maxwell's Portable P  Tloc           26%        2d(7-21)  8%          3
h - Blink                 Tloc           52%        N/A       4%          2
i - Freeze                Ice            100%       1d10      1%          1

Your spell library contained the following spells:

 Spells                   Type           Power      Damage    Failure   Level
 Hailstorm                Conj/Ice       29%        3d8       6%          3
 Teleport Other           Tloc           26%        N/A       8%          3
 Magic Dart               Conj           32%        1d4       9%          1
 Call Imp                 Summ           16%        N/A       14%         2
 Searing Ray              Conj           16%        2d5       14%         2
 Volatile Blastmotes      Fire/Tloc      34%        2d12      14%         3
 Inner Flame              Hex/Fire       8%         N/A       26%         3
 Sigil of Binding         Hex            8%         N/A       26%         3
 Tukima's Dance           Hex            8%         N/A       26%         3
 Anguish                  Hex/Necr       8%         N/A       43%         4
 Dimensional Bullseye     Hex/Tloc       8%         N/A       43%         4
 Iskenderun's Mystic Bla Conj/Tloc 17%            2d5        (+2d2     43%         4
 Animate Armour           Summ/Erth      16%        N/A       65%         4
 Brom's Barrelling Bould  Conj/Erth      8%         2d3       65%         4
 Fulminant Prism          Conj/Alch      4%         3d5       65%         4
 Leda's Liquefaction      Alch/Erth      4%         N/A       65%         4
 Summon Lightning Spire   Summ/Air       8%         N/A       65%         4
 Summon Forest            Summ/Tloc      8%         N/A       80%         5
 Irradiate                Conj/Alch      4%         3d13      94%         5
 Lee's Rapid Deconstruct  Erth           4%         3d5*      94%         5
 Summon Mana Viper        Hex/Summ       8%         N/A       94%         5
 Summon Cactus Giant      Summ           4%         N/A       100%        6
 Manifold Assault         Tloc           13%        N/A       100%        7
 Summon Hydra             Summ           4%         N/A       100%        7
 Ignition                 Fire           4%         3d4       100%        8


Dungeon Overview and Level Annotations

Branches:
Dungeon (12/15)            Temple (1/1) D:5            Lair (5/5) D:11
  Swamp (0/4) Lair:2        Snake (0/4) Lair:2        Slime (0/5) Lair:5
    Orc (2/2) D:9             Elf (0/3) Orc:2         IceCv (visited)
Volcano (visited)

Altars:
Ashenzari
Cheibriados
Dithmenos
Fedhas
Gozag
Hepliaklqana
Kikubaaqudgha
Makhleb
Nemelex Xobeh
Okawaru
Qazlal
Ru
Sif Muna
Trog
Uskayaw
Vehumet
Wu Jian
Xom
Yredelemnul
Jiyva

Shops:
D:9 !(((   D:12 [   Orc:2 ((:[


Innate Abilities, Weirdness & Mutations

You have a pair of large antennae on your head. (SInv)
You are mostly covered in molten scales. (AC +3)
You are completely covered in sharp spines.
You are agile. (Dex +4, Str/Int -1)
Your body sometimes deteriorates upon taking damage.


Message History

A glowing orange brain comes into view.
The wall freezes the glowing orange brain.
You slice the glowing orange brain!!
Your weapon exudes an aura of protection.
The glowing orange brain is heavily wounded.
The wall freezes the glowing orange brain!
You barely miss the glowing orange brain.
The glowing orange brain is severely wounded.
The wall freezes the glowing orange brain.
You slash the glowing orange brain!
The glowing orange brain is almost dead.
The frozen ramparts melt away.
You barely miss the glowing orange brain.
The glowing orange brain is almost dead.
The glowing orange brain changes into an eye of devastation!
You slash the eye of devastation!
The eye of devastation is severely wounded.
You hit the eye of devastation but do no damage.
The eye of devastation is severely wounded.
You hit the eye of devastation.
The eye of devastation is severely wounded.
You hit the eye of devastation but do no damage.
The eye of devastation is severely wounded.
The eye of devastation gazes at you. The bolt of devastation hits you!!
Your willpower is stripped away!
* * * LOW HITPOINT WARNING * * *
You hit the eye of devastation but do no damage.
The eye of devastation is severely wounded.
The eye of devastation changes into a shock serpent!
You slash the shock serpent!
The shock serpent is lightly wounded.
The shock serpent's electric aura discharges, shocking you!
* * * LOW HITPOINT WARNING * * *
The shock serpent completely misses you.
You hit the shock serpent.
The shock serpent is moderately wounded.
The shock serpent shoots out a bolt of lightning at you!
The bolt of electricity hits you!!
You die...
Cheibriados appreciates the motionlessness of death.

##.....[##..⌠..## {{ ###.#..#
......####.....# { #..>.# .....(#
##...## #....# # ..[.### #...#
###.##.# ...[# ####### #......#
)#### ##.....## #'###.#### ...###
##.......## #.S.#...#
.....###.......).###.....#...#
......†#(.......@#)......#.#.#
...⌠...)....⌠....S$..⌠...+.#.####
.......#)........#.......###.....
.....###.........###..... #.....
...### ##.......## #... #.....
+### ##.....## #' #...†. #######
###..... #....... { ###.....


You could see a shock serpent shaped shifter.

Vanquished Creatures
  The ghost of kasel the Grappler, a journeyman DrSh of Gozag (Lair:5)
  5 hydras
  2 catoblepae
  A deep troll shaman (Lair:5)
  3 boulder beetles
  A centaur warrior (D:12)
  30 death yaks
  6 two-headed ogres
  3 orc high priests (Orc:2)
  Urug (Lair:2)
  A fire crab (Volcano)
  2 bog bodies
  A lindwurm (Lair:5)
  An obsidian bat (Orc:1)
  6 orc knights
  A necromancer (IceCv)
  An ugly thing (D:11)
  A wolf spider (D:12)
  5 orc sorcerers (Orc:2)
  3 cyclopes
  3 manticores
  14 elephants
  3 kobold blastminers (Orc:2)
  3 salamanders
  Joseph (D:9)
  2 ice statues (IceCv)
  7 black mambas
  An eye of devastation (Lair:5)
  13 cane toads
  A gargoyle (D:12)
  8 komodo dragons
  4 rime drakes
  3 kobold demonologists
  4 ice devils (IceCv)
  Jeremiah (D:8)
  3 anaconda simulacra (IceCv)
  5 trolls
  2 hornets (D:9)
  5 polar bears
  15 blink frogs
  A jumping spider (shapeshifter) (D:12)
  10 dream sheep (Lair:5)
  A glass eye (Lair:5)
  Prince Ribbit (D:5)
  2 slime creatures (D:12)
  2 shadows (D:12)
  28 yaks
  4 wraiths
  A vampire (D:11)
  4 wyverns
  3 dire elephant simulacra (IceCv)
  Grum (D:9)
  3 wargs (Orc:2)
  5 basilisks
  A steam dragon (D:7)
  2 harpy simulacra (IceCv)
  2 hydra simulacra (IceCv)
  2 hell hounds (Volcano)
  3 nagas (Lair:2)
  3 acid dragons
  16 water moccasins
  9 orc warriors
  2 sky beasts
  5 black bears
  5 ogres
  11 centaurs
  29 wolves
  2 phantoms
  Blork the orc (D:6)
  12 bullfrogs
  A weeping skull (D:10)
  A cane toad simulacrum (IceCv)
  3 scorpions
  6 wights
  4 killer bees
  An elephant simulacrum (IceCv)
  5 howler monkeys
  3 electric eels
  2 bombardier beetles
  A jelly (D:4)
  12 orc priests
  8 hounds (D:9)
  Crazy Yiuf (D:6)
  3 gnoll boudas
  8 iguanas
  14 orc wizards
  A polar bear simulacrum (IceCv)
  A troll simulacrum (IceCv)
  A wolf simulacrum (IceCv)
  A spriggan simulacrum (IceCv)
  17 gnolls
  9 adders
  2 shadow imps (D:7)
  5 ufetubi
  An adder zombie (D:3)
  2 adder skeletons (D:3)
  5 dart slugs
  2 ribbon worms
  58 orcs
  5 bats
  11 endoplasms
  4 giant cockroaches
  7 goblins
  7 hobgoblins
  6 jackals
  3 quokkas
  16 ball pythons
  A ball python skeleton (D:3)
  4 frilled lizards
  A giant cockroach zombie (D:3)
  8 kobolds
  3 rats
  A spectral orc (D:10)
599 creatures vanquished.

Vanquished Creatures (collateral kills)
  A skyshark (Lair:5)
  A bog body (Lair:2)
  The ghost of IAmTheZeppo the Magician, a novice DjFE (D:5)
  A rime drake (Lair:5)
  2 dream sheep (Lair:5)
  3 yaks (Lair:5)
9 creatures vanquished.

Vanquished Creatures (others)
  A fire giant (D:12)
  A centaur (Volcano)
  2 foxfires (D:5)
4 creatures vanquished.

Grand Total: 612 creatures vanquished

Notes
Turn   | Place    | Note
-------+----------+-------------------------------------------
     0 | D:1      | znke the Demonspawn Ice Elementalist began the quest for
                  | the Orb.
     0 | D:1      | Reached XP level 1. HP: 13/13 MP: 3/3
   167 | D:1      | Gained mutation: You are partially covered in sharp spines.
                  | [demonic ancestry]
   167 | D:1      | Reached XP level 2. HP: 19/20 MP: 3/5
   671 | D:1      | Gained mutation: You are partially covered in molten
                  | scales. (AC +2) [demonic ancestry]
   671 | D:1      | Reached XP level 3. HP: 25/25 MP: 4/6
   675 | D:1      | Learned a level 3 spell: Frozen Ramparts
   941 | D:2      | Reached skill level 1 in Fighting
  1397 | D:2      | Found a faded altar of an unknown god.
  1422 | D:3      | Gained mutation: You are mostly covered in sharp spines.
                  | [demonic ancestry]
  1422 | D:3      | Reached XP level 4. HP: 32/32 MP: 8/8
  1507 | D:3      | Learned a level 3 spell: Ozocubu's Armour
  2213 | D:3      | Gained mutation: You are mostly covered in molten scales.
                  | (AC +3) [demonic ancestry]
  2213 | D:3      | Reached XP level 5. HP: 33/38 MP: 8/10
  2503 | D:4      | Upgraded the game from 0.32-a0-928-g1cae6b7 to
                  | 0.32-a0-931-g5a2cda0
  2506 | D:4      | Reached skill level 2 in Fighting
  2549 | D:4      | Found a shimmering blue altar of Sif Muna.
  2550 | D:4      | Found an opulent altar of Gozag.
  2550 | D:4      | Found a burning altar of Makhleb.
  2647 | D:4      | Found a bloodstained altar of Trog.
  2701 | D:4      | Reached skill level 5 in Ice Magic
  2701 | D:4      | Gained mutation: You are completely covered in sharp
                  | spines. [demonic ancestry]
  2701 | D:4      | Reached XP level 6. HP: 41/44 MP: 11/11
  2827 | D:4      | Reached skill level 3 in Fighting
  2901 | D:4      | Reached XP level 7. HP: 52/52 MP: 9/13
  3126 | D:5      | Entered Level 5 of the Dungeon
  3316 | D:5      | Found a runed translucent door.
  3330 | D:5      | Noticed IAmTheZeppo's ghost (novice DjFE)
  3366 | D:5      | Learned a level 3 spell: Summon Ice Beast
  3415 | D:5      | Reached skill level 1 in Armour
  3415 | D:5      | Reached skill level 1 in Evocations
  3502 | D:5      | Reached XP level 8. HP: 59/60 MP: 5/14
  3610 | D:5      | Found a staircase to the Ecumenical Temple.
  3631 | Temple   | Entered the Ecumenical Temple
  3659 | Temple   | Became a worshipper of Cheibriados the Contemplative
  3718 | D:5      | Noticed Prince Ribbit
  3719 | D:5      | Killed Prince Ribbit
  3720 | D:5      | Reached skill level 4 in Fighting
  3775 | D:5      | Found a shimmering altar of Xom.
  4074 | D:5      | Reached skill level 5 in Fighting
  4388 | D:5      | Killed IAmTheZeppo's ghost
  4389 | D:5      | Reached skill level 6 in Fighting
  4389 | D:5      | Reached skill level 5 in Dodging
  4389 | D:5      | Reached XP level 9. HP: 57/69 MP: 4/15
  4515 | D:6      | Noticed Blork the orc
  4519 | D:6      | Killed Blork the orc
  4570 | D:6      | Reached * piety under Cheibriados
  4882 | D:6      | Found a broken altar of Ashenzari.
  5195 | D:6      | Found a runed translucent door.
  5196 | D:6      | Noticed Crazy Yiuf
  5202 | D:6      | Killed Crazy Yiuf
  5520 | D:7      | Reached skill level 7 in Fighting
  5637 | D:7      | Found a sparkling altar of Nemelex Xobeh.
  5641 | D:7      | Reached ** piety under Cheibriados
  6073 | D:7      | Reached skill level 8 in Fighting
  6310 | D:8      | Noticed Jeremiah
  6320 | D:8      | Killed Jeremiah
  6585 | D:8      | Identified the amulet of Ruerghikh {Faith Int+3}
  6757 | D:8      | Reached skill level 1 in Invocations
  6815 | D:8      | Found an ornate altar of the Wu Jian Council.
  7247 | D:9      | Found Mohomam's Weapon Emporium.
  7253 | D:9      | Reached *** piety under Cheibriados
  7254 | D:9      | Gained mutation: You have a pair of small antennae on your
                  | head. [demonic ancestry]
  7254 | D:9      | Reached XP level 10. HP: 82/82 MP: 16/16
  7379 | D:9      | Found Leptuf's Antique Weapon Shop.
  7380 | D:9      | Found Mosyun's Jewellery Boutique.
  7382 | D:9      | Found Zeuqott Hiymp's Antique Weapon Shop.
  7416 | D:9      | Noticed Joseph
  7439 | D:9      | Killed Joseph
  7440 | D:9      | Reached skill level 1 in Long Blades
  7539 | D:9      | Found a staircase to the Orcish Mines.
  7606 | D:9      | Learned a level 2 spell: Sublimation of Blood
  7672 | D:9      | Reached **** piety under Cheibriados
  7795 | D:9      | Noticed Grum
  7803 | D:9      | Killed Grum
  7822 | D:9      | Noticed a two-headed ogre
  7832 | D:9      | Killed a two-headed ogre
  7833 | D:9      | Reached skill level 9 in Fighting
  8003 | D:9      | Found Olisahof's Distillery.
  8011 | D:9      | Bought a potion of heal wounds for 65 gold pieces
  8011 | D:9      | Bought a potion of curing for 39 gold pieces
  8011 | D:9      | Bought 2 potions of cancellation for 208 gold pieces
  8011 | D:9      | Bought a potion of curing for 39 gold pieces
  8011 | D:9      | Bought a potion of brilliance for 52 gold pieces
  8011 | D:9      | Bought a potion of attraction for 39 gold pieces
  8186 | D:10     | Entered Level 10 of the Dungeon
  8207 | D:10     | Reached skill level 5 in Invocations
  8357 | D:10     | Reached XP level 11. HP: 66/89 MP: 11/17
  8359 | D:10     | Reached skill level 5 in Evocations
  8371 | D:10     | Learned a level 2 spell: Lesser Beckoning
  8497 | D:10     | Found a stormy altar of Qazlal.
  8714 | D:10     | Found a runed translucent door.
  8714 | D:10     | Noticed a two-headed ogre
  8942 | D:10     | Found a basalt altar of Yredelemnul.
  9135 | D:10     | Reached ***** piety under Cheibriados
  9142 | D:10     | Reached skill level 5 in Long Blades
  9142 | D:10     | Killed a two-headed ogre
  9296 | D:11     | Noticed a boulder beetle
  9334 | D:11     | Killed a boulder beetle
  9510 | D:11     | Noticed a boulder beetle
  9586 | D:11     | Killed a boulder beetle
  9800 | D:11     | Found a staircase to the Lair.
  9819 | D:11     | Noticed a red ugly thing
  9829 | D:11     | Killed a red ugly thing
  9910 | D:11     | Reached skill level 10 in Fighting
 10235 | Lair:1   | Entered Level 1 of the Lair of Beasts
 10443 | Lair:1   | Found a dark tunnel.
 10461 | Volcano  | Entered a volcano
 10546 | Volcano  | Noticed a two-headed ogre
 10551 | Volcano  | Reached XP level 12. HP: 56/98 MP: 11/18
 10552 | Volcano  | Killed a two-headed ogre
 10579 | Volcano  | Noticed a two-headed ogre
 10587 | Volcano  | Killed a two-headed ogre
 10953 | Lair:1   | Gained mutation: Your muscles are strong. (Str +4, Int/Dex
                  | -1) [potion of mutation]
 10953 | Lair:1   | Gained mutation: Your muscles are very strong. (Str +8,
                  | Int/Dex -2) [potion of mutation]
 10958 | Lair:1   | Lost mutation: Your muscles are very strong. (Str +8,
                  | Int/Dex -2) [potion of mutation]
 10958 | Lair:1   | Lost mutation: Your muscles are strong. (Str +4, Int/Dex
                  | -1) [potion of mutation]
 10958 | Lair:1   | Gained mutation: You are strong-willed. (Will+) [potion of
                  | mutation]
 10958 | Lair:1   | Gained mutation: Your body sometimes deteriorates upon
                  | taking damage. [potion of mutation]
 10958 | Lair:1   | Gained mutation: You sometimes lose your temper in combat.
                  | [potion of mutation]
 10959 | Lair:1   | Lost mutation: Your body sometimes deteriorates upon taking
                  | damage. [potion of mutation]
 10959 | Lair:1   | Lost mutation: You sometimes lose your temper in combat.
                  | [potion of mutation]
 10959 | Lair:1   | Lost mutation: You are strong-willed. (Will+) [potion of
                  | mutation]
 10959 | Lair:1   | Gained mutation: Your body sometimes deteriorates upon
                  | taking damage. [potion of mutation]
 10959 | Lair:1   | Gained mutation: You are agile. (Dex +4, Str/Int -1)
                  | [potion of mutation]
 11883 | Lair:2   | Reached skill level 11 in Fighting
 11945 | Lair:2   | Found the +2 ratskin cloak {*Rats rPois rN+ Str-1 Int-1
                  | Dex+1}
 12004 | Lair:2   | Noticed Urug
 12009 | Lair:2   | Killed Urug
 12010 | Lair:2   | Reached skill level 12 in Fighting
 12010 | Lair:2   | Reached skill level 1 in Necromancy
 12014 | Lair:2   | Learned a level 3 spell: Maxwell's Portable Piledriver
 12044 | Lair:2   | Reached skill level 1 in Translocations
 12098 | Lair:2   | Reached ****** piety under Cheibriados
 12159 | Lair:2   | Found a frozen archway.
 12170 | IceCv    | Entered an ice cave
 12552 | IceCv    | Reached skill level 5 in Spellcasting
 12718 | IceCv    | Gained mutation: You have a pair of antennae on your head.
                  | [demonic ancestry]
 12718 | IceCv    | Reached XP level 13. HP: 108/108 MP: 15/21
 13135 | Lair:2   | Found a staircase to the Swamp.
 13333 | Lair:2   | Got the Discursus on Dislocated Obstruction
 13869 | Lair:2   | Found a staircase to the Snake Pit.
 14613 | Lair:3   | Reached skill level 10 in Long Blades
 14700 | Lair:3   | Reached skill level 10 in Invocations
 15982 | Lair:4   | Gained mutation: You have a pair of large antennae on your
                  | head. (SInv) [demonic ancestry]
 15982 | Lair:4   | Reached XP level 14. HP: 79/116 MP: 14/23
 16377 | Lair:4   | Reached skill level 10 in Dodging
 16827 | Lair:5   | Entered Level 5 of the Lair of Beasts
 17040 | Lair:5   | Reached skill level 13 in Fighting
 17145 | Lair:5   | Found a transporter.
 17204 | Lair:5   | Found a transporter.
 17204 | Lair:5   | Noticed kasel's ghost (journeyman DrSh)
 17291 | Lair:5   | Found a staircase to the Slime Pits.
 17292 | Lair:5   | Found a viscous altar of Jiyva.
 17516 | Lair:5   | Identified the +3 kite shield "Eviezx Ziha" {Int+6}
 18050 | Lair:5   | Got Rolu's Precepts of Detritus and the Manifold
 18054 | Lair:5   | Learned a level 2 spell: Blink
 18058 | Lair:5   | Learned a level 3 spell: Fugue of the Fallen
 18383 | Lair:5   | Reached XP level 15. HP: 121/124 MP: 20/24
 18616 | Lair:5   | Killed kasel's ghost
 18663 | Lair:5   | Identified the +1 hat "Kokoqyps" {rN+}
 18895 | Orc:1    | Entered Level 1 of the Orcish Mines
 19121 | Orc:1    | You fall into a shaft and drop 1 floor!
 19121 | Orc:2    | Entered Level 2 of the Orcish Mines
 19358 | Orc:2    | Found Sujy's Antique Armour Shoppe.
 19630 | Orc:2    | Found Tajole's Book Shop.
 19637 | Orc:2    | Found Lobim's Weapon Shop.
 19639 | Orc:2    | Found Ivoaq's Weapon Shoppe.
 19693 | Orc:2    | Found a staircase to the Elven Halls.
 20633 | D:12     | Found Perr's Armour Shoppe.
 20915 | D:12     | Noticed a fire giant
 20936 | D:12     | Killed a fire giant
 20957 | D:12     | Killed from afar by a shock serpent (glowing shapeshifter)

Illustrated notes

Levels and vault maps discovered:
D:1:      evilmike_arrival_plus, layout_basic, serial_forest,
          infiniplex_forest_clump_double, infiniplex_forest_clump_large,
          infiniplex_forest_zigzag_1, infiniplex_forest_clump_tiny
D:2:      layout_loops_ring, dilly_ecumenical_altar_fadedgnrine, minivault_11,
          kennysheep_generic_room_13
D:3:      cheibrodos_pilgrimage, layout_loops_ring, serial_undead,
          serial_undead_e, serial_undead_c, serial_undead_d, serial_undead_c,
          serial_undead_c, solitary_fountain
D:4:      layout_rooms, trog_butcher_becter,
          chequers_temple_overflow_statue_of_worship, minmay_joined_circles
D:5:      layout_loops_ring, xom_teletrap_fun, minmay_temple_entry_stoned_glass,
          ebering_ghost_sewer_d, chequers_serial_rivers_large_a,
          kennysheep_generic_room_11, uniq_prince_ribbit1
D:6:      layout_basic, mainiacjoe_overflow_cross_hatched, uniq_blork_the_orc,
          uniq_crazy_yiuf_cottage
D:7:      layout_basic, nicolae_overflow_crystal_walls, old_standard_altar,
          serial_park_tiny_2, nicolae_the_louvre
D:8:      layout_cave_pods, nicolae_wu_jian_immortal_techniques, uniq_jeremiah
D:9:      layout_cave_pools, david_orc_2, serial_gnoll_camp,
          gnoll_camp_mini_shop, gnoll_camp_mini_hut, gnoll_camp_mini_house,
          grums_kennel, nicolae_wooded_promenade, uniq_joseph
D:10:     layout_cave_pools, yredelemnul_forgotten_temple_becter,
          old_standard_altar, tso_metal_star, serial_bayou_ford_a,
          minmay_st_funbox
D:11:     layout_rooms, lair_entry_dummy
D:12:     layout_basic, serial_shops, nicolae_shop_gibbet_a_chance,
          nicolae_rejected_hall
Temple:   kb_temple_of_zot
Lair:1:   layout_small_grid, nicolae_volcano_entry_two_sided,
          infiniplex_staircase_pool_2
Lair:2:   layout_cave_pods, nicolae_swamp_entry_splash_gauntlet,
          alex1729_snake_entry_snake, portal_ice_cave_rime, grunt_megastairs_2,
          uniq_urug
Lair:3:   layout_layer_cave
Lair:4:   layout_misc_corridors, beast_lair_carwin_10
Lair:5:   grunt_lair_end_beastmaster, layout_cave_pods, minmay_slime_entry_eyes,
          gammafunk_ghost_arena
Orc:1:    layout_diamond_mine
Orc:2:    st_orc_elflike, layout_caves

Skill      XL: |  1  2  3  4  5  6  7  8  9 10 11 12 13 14 15 |
---------------+----------------------------------------------+-----
Dodging        | 2 5 7 8 9 10 11 | 11.2
Stealth        | 2 |  2.0
Ice Magic      | 4 5 6 7 |  7.0
Fighting       | 1 2 3 6 8 9 10 12 13 | 13.9
Spellcasting   | 3 4 5 6 |  6.0
Armour         | 1 3 |  3.0
Evocations     | 1 3 4 5 6 8 |  8.9
Invocations    | 1 5 7 9 10 11 12 | 12.7
Long Blades    | 4 7 9 10 12 | 12.9
Necromancy     | 3 |  3.0
Translocations | 3 |  3.0

Action                     |  1- 3 |  4- 6 |  7- 9 | 10-12 | 13-15 || total
---------------------------+-------+-------+-------+-------+-------++-------
  Melee: Unarmed           |     5 |       |       |       |       ||     5
         Spear             |    45 |    83 |       |       |       ||   128
         Trident           |       |    76 |   127 |       |       ||   203
         Whip              |       |       |    40 |     3 |       ||    43
         Dagger            |       |       |       |   240 |       ||   240
         Falchion          |       |       |       |   216 |     5 ||   221
         Rapier            |       |       |       |       |   291 ||   291
         Long sword        |       |       |       |       |   445 ||   445
  Throw: Throwing net      |       |       |       |       |     2 ||     2
   Cast: Freeze            |    26 |     1 |       |       |       ||    27
         Frozen Ramparts   |     1 |     7 |    22 |    42 |    53 ||   125
         Ozocubu's Armour  |       |       |     9 |    36 |    42 ||    87
         Summon Ice Beast  |       |       |     1 |     5 |     5 ||    11
         Sublimation of Bl |       |       |       |       |     2 ||     2
         Fugue of the Fall |       |       |       |       |     1 ||     1
         Maxwell's Portabl |       |       |       |       |     1 ||     1
 Invoke: Slouch            |       |       |       |     1 |       ||     1
  Evoke: Wand              |       |       |     3 |    13 |     2 ||    18
         Phial of floods   |       |       |       |       |     1 ||     1
    Use: Scroll            |       |     1 |       |    16 |     2 ||    19
         Potion            |       |       |       |     3 |       ||     3
   Stab: Sleeping          |     4 |     8 |     8 |     6 |     9 ||    35
         Distracted        |       |       |     1 |     2 |    11 ||    14
         Held in net/web   |       |       |       |       |     2 ||     2
         Petrified         |       |       |       |       |     2 ||     2
         Petrifying        |       |       |       |       |     1 ||     1
 Armour: Robe              |    24 |    55 |   107 |    11 |       ||   197
         Leather armour    |       |       |       |   175 |   221 ||   396
         Ring mail         |       |       |       |       |    23 ||    23
  Dodge: Dodged            |    21 |    67 |   124 |   614 |   864 ||  1690

Table legend: (Time is in decaauts)
 A = Elapsed time spent in this place.
 B = Non-inter-level travel time spent in this place.
 C = Inter-level travel time spent in this place.
 D = Time resting spent in this place.
 E = Time spent auto-exploring this place.
 F = Levels seen in this place.
 G = Mean time per level.
                   A        B        C        D        E       F      G
               +--------+--------+--------+--------+--------+-----+--------+
         Total |  29568 |  28149 |   1419 |    728 |  21376 |  22 | 1344.0 |
       Dungeon |  13472 |  12803 |    669 |     19 |  10287 |  12 | 1122.7 |
        Temple |     64 |      2 |     62 |      0 |      0 |   1 |   64.0 |
          Lair |  11607 |  11141 |    466 |    206 |   8579 |   5 | 2321.4 |
  Orcish Mines |   2684 |   2463 |    221 |    119 |   1870 |   2 | 1342.0 |
      Ice Cave |   1102 |   1102 |      0 |    161 |    517 |   1 | 1102.0 |
       Volcano |    637 |    637 |      0 |    223 |    122 |   1 |  637.0 |
               +--------+--------+--------+--------+--------+-----+--------+

Top non-repeatable levels by time:
  Lair:3: 2801 daAuts
  Lair:5: 2794 daAuts
  Lair:2: 2533 daAuts
  Lair:1: 1998 daAuts
   Orc:2: 1774 daAuts
    D:10: 1610 daAuts
    D:11: 1514 daAuts
     D:5: 1504 daAuts
  Lair:4: 1478 daAuts
     D:8: 1419 daAuts
     D:9: 1362 daAuts
     D:7: 1209 daAuts
     D:6: 1192 daAuts
   IceCv: 1102 daAuts
     D:3: 921 daAuts
